 Dungeon Crawl Stone Soup version 0.22-a0-824-g1ca9aab89c (console) character file.

3264 Lexodia the Grappler (level 9, -2/81 HPs)
             Began as a Troll Fighter on July 24, 2018.
             Was a Believer of Uskayaw.
             Slain by a killer bee (8 damage)
             ... on level 7 of the Dungeon.
             The game lasted 00:15:30 (5615 turns).

Lexodia the Grappler (Troll Fighter)                Turns: 5615, Time: 00:15:31

Health: -2/81      AC:  5    Str: 29    XL:     9   Next: 68%
Magic:  6/9        EV: 10    Int:  4    God:    Uskayaw [**....]
Gold:   401        SH: 17    Dex: 12    Spells: 8/8 levels left

rFire    + . .     SeeInvis .     - Unarmed
rCold    . . .     Gourm    +   b - +1 shield
rNeg     . . .     Faith    .   a - +0 robe
rPois    .         Spirit   .   (helmet restricted)
rElec    .         Reflect  +   (no cloak)
rCorr    .         Harm     .   (gloves unavailable)
MR       .....                  (boots unavailable)
Stlth    +.........             f - +5 amulet of reflection
HPRegen  0.63/turn              h - ring of protection from fire
MPRegen  0.11/turn              y - +3 ring of dexterity

@: lethally poisoned (-2 -> -3)
A: large, unfitting armour, claws 3, fast metabolism 3, gourmand, regeneration
1, shaggy fur 1, tough skin 2
a: Stomp, Line Pass, Renounce Religion


You were on level 7 of the Dungeon.
You worshipped Uskayaw.
Uskayaw was noncommittal.
You were full.

You visited 2 branches of the dungeon, and saw 8 of its levels.
You also visited: Sewer and Ossuary.

You collected 450 gold pieces.
You spent 49 gold pieces at shops.

Inventory:

Armour
 a - a +0 robe (worn)
 b - a +1 shield (worn)
 z - a +0 large shield
Jewellery
 f - a +5 amulet of reflection (around neck)
 h - a ring of protection from fire (left claw)
 y - a +3 ring of dexterity (right claw)
Wands
 u - a wand of polymorph (15)
Scrolls
 k - 8 scrolls of identify
 m - a scroll of fog
 n - 3 scrolls of teleportation
 o - a scroll of silence
 p - 2 scrolls of blinking {unknown}
 r - 2 scrolls of remove curse
 w - a scroll of enchant armour
Potions
 c - a potion of might
 i - a potion of haste {unknown}
 j - 5 potions of flight
 l - 2 potions of brilliance
 q - a potion of magic
 s - a potion of lignification
 t - 2 potions of ambrosia {unknown}
 v - a potion of mutation {unknown}
 x - a potion of agility
Comestibles
 d - 10 rations


   Skills:
 - Level 3.0 Fighting
 - Level 3.0 Dodging
 + Level 6.8 Shields
 * Level 10.8 Unarmed Combat
 * Level 2.1 Invocations


You had 8 spell levels left.
You didn't know any spells.
Your spell library contained the following spells:

 Spells                   Type           Power        Failure   Level  Hunger
 Magic Dart               Conj           #...         65%         1    ##.....
 Conjure Flame            Conj/Fire      #.......     95%         3    ####...
 Slow                     Hex            #.......     80%         2    ###....
 Throw Frost              Conj/Ice       #.....       80%         2    ###....
 Mephitic Cloud           Conj/Pois/Air  #.......     95%         3    ####...
 Blink                    Tloc           N/A          80%         2    ###....
 Freeze                   Ice            #...         65%         1    ##.....
 Summon Ice Beast         Ice/Summ       #.......     100%        4    #####..
 Ozocubu's Armour         Chrm/Ice       #.......     95%         3    ####...
 Call Imp                 Summ           #.......     80%         2    ###....
 Throw Icicle             Conj/Ice       #.......     100%        4    #####..


Dungeon Overview and Level Annotations

Branches:
Dungeon (7/15)             Temple (1/1) D:4

Altars:
Ashenzari
Cheibriados
Dithmenos
Elyvilon
Gozag
Hepliaklqana
Kikubaaqudgha
Makhleb
Nemelex Xobeh
Okawaru
Ru
Sif Muna
Trog
Uskayaw
Vehumet
Wu Jian
Xom
Yredelemnul
Zin
The Shining One

Shops:
D:7 [


Innate Abilities, Weirdness & Mutations

You are too large for most types of armour.
You have claws for hands.
Your metabolism is lightning-fast.
You like to eat raw meat.
Your natural rate of healing is unusually fast.
You are covered in fur. (AC +1)
You have very tough skin. (AC +2)


Message History

The killer bee is heavily wounded.
You feel sick. The killer bee stings you.
* * * LOW HITPOINT WARNING * * *
The killer bee stings you!
* * * LOW HITPOINT WARNING * * *
You block the killer bee's attack. x2
The killer bee stings you but does no damage.
The bullfrog hits you.
* * * LOW HITPOINT WARNING * * *
The killer bee stings you but does no damage.
Huge Dmg: -24%(-19hp) hp: 9%(7hp)
You feel better. You block the killer bee's attack. x2
The killer bee stings you!
* * * LOW HITPOINT WARNING * * *
You are poisoned.
The killer bee poisons you! The bullfrog completely misses you.
The killer bee stings you.
* * * LOW HITPOINT WARNING * * *
The killer bee barely misses you. The killer bee stings you!
You die...

... ..#+## ####....#
+..#.(..+ .'.(..# #..(.#
#..F.# #.Ky@+ ## #.Kyy#
# (...... #..KK###+#.. #
.......+ #..!(...%... #
.......####........... #
.....................
##+##.............>.....
....+........(..........
....#..........≈≈≈......


You could see a big kobold, a bullfrog, 3 killer bees and 3 kobolds.

Vanquished Creatures
  A hydra (D:6)
  Grinder (D:6)
  Sigmund (D:5)
  Menkaure (D:6)
  A black bear (D:7)
  A phantom (D:4)
  A sky beast (D:5)
  A centaur (D:7)
  A big kobold (Sewer)
  Blork the orc (D:6)
  3 bullfrogs
  A gnoll sergeant (D:6)
  7 killer bees (D:7)
  3 wights (D:6)
  A howler monkey (D:6)
  A crimson imp (D:7)
  A hound (D:6)
  An orc priest (D:4)
  2 iguanas
  2 orc wizards
  6 worker ants
  4 big kobold zombies (Ossuary)
  A mummy (Ossuary)
  7 adders
  11 gnolls
  A howler monkey skeleton (D:5)
  A river rat (D:4)
  2 oozes
  An adder skeleton (D:4)
  2 worms
  2 dart slugs (D:2)
  4 leopard geckos
  25 orcs
  4 spectral bats (Ossuary)
  8 giant cockroaches
  8 gnoll zombies (Ossuary)
  8 goblins
  5 hobgoblins
  8 jackals
  8 kobolds
  2 quokkas
  A ball python (D:6)
  6 bats
  2 bat simulacra (Ossuary)
  3 frilled lizards
  3 goblin simulacra (Ossuary)
  6 goblin zombies (Ossuary)
  4 hobgoblin zombies (Ossuary)
  3 kobold simulacra (Ossuary)
  4 kobold zombies (Ossuary)
  A leopard gecko skeleton (D:4)
  4 orc zombies (Ossuary)
  A quokka zombie (D:6)
  18 rats
  4 rat simulacra (Ossuary)
  6 spectral goblins (Ossuary)
  4 spectral kobolds (Ossuary)
  6 spectral rats (Ossuary)
226 creatures vanquished.

Vanquished Creatures (others)
  A centaur (D:6)
1 creature vanquished.

Grand Total: 227 creatures vanquished

Notes
Turn   | Place    | Note
-------+----------+-------------------------------------------
     0 | D:1      | Lexodia the Troll Fighter began the quest for the Orb.
     0 | D:1      | Reached XP level 1. HP: 22/22 MP: 0/0
   230 | D:1      | Reached XP level 2. HP: 25/29 MP: 1/1
   461 | D:1      | Found a sparkling altar of Nemelex Xobeh.
   741 | D:2      | Huge Dmg: 6 dmg
   829 | D:2      | Reached XP level 3. HP: 36/36 MP: 2/2
   848 | D:2      | Found a snail-covered altar of Cheibriados.
  1138 | D:3      | Reached skill level 3 in Unarmed Combat
  1169 | D:3      | Reached XP level 4. HP: 37/44 MP: 3/3
  1296 | D:3      | Huge Dmg: 11 dmg
  1309 | D:3      | Huge Dmg: 8 dmg
  1337 | D:3      | Huge Dmg: 8 dmg
  1455 | D:3      | Reached XP level 5. HP: 53/53 MP: 4/4
  1926 | D:4      | Reached skill level 4 in Unarmed Combat
  2019 | D:4      | Huge Dmg: 20 dmg
  2024 | D:4      | Huge Dmg: 10 dmg
  2025 | D:4      | Huge Dmg: 6 dmg
  2129 | D:4      | Found a staircase to the Ecumenical Temple.
  2169 | D:4      | Noticed a phantom
  2186 | D:4      | Killed a phantom
  2186 | D:4      | Reached skill level 5 in Unarmed Combat
  2186 | D:4      | Reached XP level 6. HP: 49/61 MP: 5/5
  2234 | D:4      | Huge Dmg: 11 dmg
  2236 | D:4      | Huge Dmg: 17 dmg
  2239 | D:4      | Huge Dmg: 4 dmg
  2247 | D:4      | Huge Dmg: 4 dmg
  2369 | D:4      | Found a glowing drain.
  2381 | Sewer    | Entered a sewer
  2461 | Sewer    | Reached XP level 7. HP: 66/67 MP: 6/6
  2484 | Sewer    | Found a white marble altar of Elyvilon.
  2779 | D:4      | Reached skill level 6 in Unarmed Combat
  3022 | D:4      | Noticed a moth of wrath
  3025 | D:4      | Found a bloodstained altar of Trog.
  3123 | Temple   | Entered the Ecumenical Temple
  3226 | Temple   | Became a worshipper of Uskayaw the Reveler
  3312 | D:5      | Entered Level 5 of the Dungeon
  3405 | D:5      | Reached * piety under Uskayaw
  3407 | D:5      | Reached ** piety under Uskayaw
  3835 | D:5      | Noticed Sigmund
  3842 | D:5      | Killed Sigmund
  3842 | D:5      | Reached skill level 7 in Unarmed Combat
  3842 | D:5      | Reached *** piety under Uskayaw
  3920 | D:6      | Noticed Menkaure
  3923 | D:6      | Huge Dmg: 20 dmg
  3929 | D:6      | Huge Dmg: 10 dmg
  3944 | D:6      | Killed Menkaure
  3944 | D:6      | Reached XP level 8. HP: 30/75 MP: 7/7
  3947 | D:6      | Reached skill level 5 in Shields
  3947 | D:6      | Reached **** piety under Uskayaw
  4059 | D:6      | Noticed Grinder
  4064 | D:6      | Killed Grinder
  4064 | D:6      | Reached skill level 8 in Unarmed Combat
  4223 | D:6      | Huge Dmg: 13 dmg
  4229 | D:6      | Huge Dmg: 15 dmg
  4233 | D:6      | Reached ***** piety under Uskayaw
  4297 | D:6      | Noticed a five-headed hydra
  4306 | D:6      | Reached skill level 9 in Unarmed Combat
  4325 | D:6      | Huge Dmg: 14 dmg
  4328 | D:6      | Huge Dmg: 16 dmg
  4329 | D:6      | Huge Dmg: 19 dmg
  4329 | D:6      | Killed a five-headed hydra
  4329 | D:6      | Reached skill level 10 in Unarmed Combat
  4329 | D:6      | Reached XP level 9. HP: 39/81 MP: 4/8
  4367 | D:6      | Huge Dmg: 16 dmg
  4405 | D:6      | Found a burning altar of Makhleb.
  4405 | D:6      | Found a deep blue altar of Sif Muna.
  4405 | D:6      | Found a white marble altar of Elyvilon.
  4790 | D:6      | Noticed Blork the orc
  4793 | D:6      | Killed Blork the orc
  4919 | D:7      | Huge Dmg: 14 dmg
  4922 | D:7      | Huge Dmg: 9 dmg
  4923 | D:7      | Huge Dmg: 9 dmg
  4937 | D:7      | Huge Dmg: 6 dmg
  5068 | D:7      | Reached skill level 1 in Invocations
  5189 | D:7      | Found a sand-covered staircase.
  5204 | Ossuary  | Entered an ossuary
  5506 | D:7      | Found Zylixaum's Armour Emporium.
  5557 | D:7      | Bought a +0 large shield for 49 gold pieces
  5608 | D:7      | Huge Dmg: 14 dmg
  5608 | D:7      | HP: 4/81 [killer bee (9)]
  5609 | D:7      | Huge Dmg: 2 dmg
  5611 | D:7      | Huge Dmg: 2 dmg
  5611 | D:7      | HP: 1/81 [killer bee (3)]
  5612 | D:7      | Huge Dmg: 5 dmg
  5615 | D:7      | Huge Dmg: 19 dmg
  5615 | D:7      | Slain by a killer bee

Vault maps used:
D:1:      dpeg_arrival_short_road, minmay_misc_feat_five,
          nemelex_diamond_rough_becter
D:2:      kennysheep_slug_shrine
D:3:      first_ration, nrook_mini_backslash, columned_hall_lemuel
D:4:      tgw_trog, minmay_temple_entry_large_hall, portal_sewer_entry_b,
          hangedman_abyss_or_decor_stagger, minmay_crystal_water,
          kennysheep_generic_room_11
D:5:      uniq_sigmund
D:6:      gammafunk_temple_overflow_claw, uniq_menkaure, uniq_grinder,
          uniq_blork_the_orc
D:7:      serial_shops, nicolae_shop_waterfront, nicolae_ossuary_entry_ruins
Temple:   regret_index_temple_waves
Sewer:    sewer_kobolds
Ossuary:  ossuary_zaba_two_paths

Skill      XL: |  1  2  3  4  5  6  7  8  9 |
---------------+----------------------------+-----
Unarmed Combat | 3 5 7 10 | 10.8
Fighting       | 3 |  3.0
Dodging        | 3 |  3.0
Shields        | 3 4 6 |  6.8
Invocations    | 2 |  2.1

Action                   |  1- 3 |  4- 6 |  7- 9 || total
-------------------------+-------+-------+-------++-------
Melee: Unarmed           |   113 |   192 |   352 ||   657
Invok: Line Pass         |       |       |     1 ||     1
       Stomp             |       |       |     3 ||     3
Evoke: Wand              |       |       |     3 ||     3
  Use: Scroll            |       |     6 |     9 ||    15
       Potion            |       |     3 |    10 ||    13
 Stab: Sleeping          |       |     2 |       ||     2
       Invisible         |       |     1 |       ||     1
       Paralysed         |       |       |     8 ||     8
  Eat: Chunk             |    16 |    13 |    27 ||    56
Armor: Robe              |    40 |    41 |    67 ||   148
       Skin              |       |       |    10 ||    10
Dodge: Dodged            |    40 |    56 |   118 ||   214
Block: Shield            |    50 |    73 |   341 ||   464
       Reflection        |       |       |    10 ||    10

Table legend:
 A = Spawn XP
 B = Non-spawn XP
 C = Spawn XP percentage of total XP
 D = Spawn monster count
 E = Non-spawn monster count
 F = Spawn count percentage of total count
 G = Total turns spent on level
                    A         B        C        D         E        F      G
               +---------+---------+-------+---------+---------+-------+---------
         Total |       0 |    4664 |   0.0 |       0 |     227 |   0.0 |  5615
               +---------+---------+-------+---------+---------+-------+---------
           D:1 |       0 |      23 |   0.0 |       0 |      14 |   0.0 |   718
           D:2 |       0 |      48 |   0.0 |       0 |      11 |   0.0 |   391
           D:3 |       0 |     169 |   0.0 |       0 |      37 |   0.0 |   851
           D:4 |       0 |     479 |   0.0 |       0 |      33 |   0.0 |  1074
           D:5 |       0 |     427 |   0.0 |       0 |       8 |   0.0 |   573
           D:6 |       0 |    2227 |   0.0 |       0 |      26 |   0.0 |   945
           D:7 |       0 |     987 |   0.0 |       0 |      23 |   0.0 |   493
         Sewer |       0 |     113 |   0.0 |       0 |      12 |   0.0 |   148
       Ossuary |       0 |     191 |   0.0 |       0 |      63 |   0.0 |   292
               +---------+---------+-------+---------+---------+-------+---------
